 Dungeon Crawl Stone Soup version 0.27-a0-797-g27d10ad80f (webtiles) character file.

Game seed: 3850016667479094144

125 rageheart7 the Skirmisher (level 4, -1/38 HPs)
             Began as a Demonspawn Wanderer on Mar 28, 2021.
             Was an Initiate of Kikubaaqudgha.
             Slain by Grinder (7 damage)
             ... while paralysed by Grinder
             ... on level 3 of the Dungeon.
             The game lasted 00:03:34 (2539 turns).

rageheart7 the Skirmisher (Demonspawn Wanderer)     Turns: 2539, Time: 00:03:35

Health: -1/38      AC:  7    Str: 13    XL:     4   Next: 82%
Magic:  8/8        EV:  2    Int: 12    God:    Kikubaaqudgha [......]
Gold:   88         SH:  0    Dex: 14    Spells: 7/8 levels left

rFire    + . .     SeeInvis .   h - +3 short sword
rCold    + . .     Faith    .   (no shield)
rNeg     . . .     Spirit   .   k - +0 leather armour
rPois    .         Reflect  .   (helmet restricted)
rElec    .         Harm     .   n - scarf {rC+ rF+}
rCorr    .         Rampage  .   g - +0 pair of gloves
Will     .....                  (no boots)
Stlth    +.........             (no amulet)
HPRegen  0.12/turn              (no ring)
MPRegen  0.11/turn              (no ring)

@: paralysed
A: antennae 1, yellow scales 2
a: Renounce Religion


You were on level 3 of the Dungeon.
You worshipped Kikubaaqudgha.
Kikubaaqudgha was noncommittal.
You visited 1 branch of the dungeon, and saw 3 of its levels.

You collected 88 gold pieces.

Inventory:

Hand Weapons
 h - a +3 short sword (weapon)
Missiles
 b - a curare-tipped dart (quivered)
Armour
 g - a +0 pair of gloves (worn)
 k - a +0 leather armour (worn)
 n - a scarf of resistance (worn)
Jewellery
 p - a ring of protection from fire
Scrolls
 a - a scroll of identify {unknown}
 f - 3 scrolls of teleportation {unknown}
 i - a scroll of blinking {unknown}
 j - a scroll of magic mapping {unknown}
 l - a scroll of torment {unknown}
 m - a scroll of amnesia {unknown}
 q - a scroll of enchant weapon {unknown}
Potions
 d - a potion of mutation {unknown}
 e - a potion of heal wounds
 o - a potion of curing {unknown}


   Skills:
 * Level 4.4 Fighting
 - Level 1.7 Throwing
 - Level 1.0 Dodging
 - Level 1.0 Stealth
 * Level 2.9 Spellcasting
 - Level 2.0 Hexes
 * Level 1.1 Necromancy


You had 7 spell levels left.
You knew the following spells:

 Your Spells              Type           Power      Damage    Failure   Level
a - Animate Skeleton      Necr           8%         N/A       21%         1

Your spell library contained the following spells:

 Spells                   Type           Power      Damage    Failure   Level
 Corona                   Hex            6%         N/A       14%         1
 Apportation              Tloc           2%         N/A       32%         1
 Summon Small Mammal      Summ           4%         N/A       32%         1


Dungeon Overview and Level Annotations

Branches:
Dungeon (3/15)

Altars:
Elyvilon
Kikubaaqudgha

Shops:
D:2 (

Annotations:
D:3 Grinder


Innate Abilities, Weirdness & Mutations

You have a pair of small antennae on your head.
You are mostly covered in yellow scales. (AC +3)


Message History

You can move again.
You swing at nothing.
You hit Grinder.
Grinder is heavily wounded.
Grinder hits you.
You hit Grinder.
Grinder is heavily wounded.
Grinder gestures at you.
You suddenly lose the ability to move!
Grinder gestures at you.
You shrug off the repeated paralysis!
Grinder hits you but does no damage.
Grinder drinks a potion.
Grinder is healed!
Grinder hits you but does no damage.
Your transformation is almost over.
Grinder barely misses you. Grinder hits you but does no damage.
You can move again.
You barely miss Grinder. Grinder hits you but does no damage.
You closely miss Grinder. Grinder hits you but does no damage.
You hit Grinder.
Grinder is lightly wounded.
Grinder says, "I used to sell toenails on the black market."
Grinder blinks!
You swing at nothing.
Grinder gestures at you.
You suddenly lose the ability to move!
You feel less wooden.
Your scarf of resistance unmelds from your body.
Your +0 pair of gloves unmelds from your body.
Your +0 leather armour unmelds from your body.
You feel resistant to extremes of temperature.
Grinder hits you.
You writhe in agony.
Grinder hits you!
* * * LOW HITPOINT WARNING * * *
You writhe in agony.
* * * LOW HITPOINT WARNING * * *
Grinder hits you!
You die...
Kikubaaqudgha rasps: "You have failed me!
Welcome... death!"

#.......# ..#.
####.......# #.#.
#..........# ...
#....####### #..
#....# #.. #....#
#.. #....#
######>######....#
.......@5...'....#
#############....#
#..........#.####
##.#######.#.#
#.#.....#.#.#
#.#.###.#.#.#
#.#.# #.#.#.#
#.#.# #.#.#.#
#...# #.#.#.#


You could see Grinder.

Vanquished Creatures
  A gnoll (D:2)
  7 adders
  6 endoplasms
  A giant cockroach (D:1)
  8 goblins
  3 hobgoblins
  3 jackals (D:3)
  5 kobolds
  2 quokkas (D:3)
  3 ball pythons
  5 bats
  3 frilled lizards
  5 rats
52 creatures vanquished.

Notes
Turn   | Place    | Note
-------+----------+-------------------------------------------
     0 | D:1      | rageheart7 the Demonspawn Wanderer began the quest for the
                  | Orb.
     0 | D:1      | rageheart7 set off with the following items: a +2 dagger, a
                  | curare-tipped dart, a potion of lignification, a +0 robe
     0 | D:1      | Reached XP level 1. HP: 18/18 MP: 2/2
   287 | D:1      | Gained mutation: You are partially covered in yellow
                  | scales. (AC +2) [demonic ancestry]
   287 | D:1      | Reached XP level 2. HP: 24/24 MP: 2/4
   695 | D:2      | Found an ancient bone altar of Kikubaaqudgha.
   815 | D:2      | Gained mutation: You are mostly covered in yellow scales.
                  | (AC +3) [demonic ancestry]
   815 | D:2      | Reached XP level 3. HP: 29/30 MP: 4/6
  1055 | D:2      | Reached skill level 4 in Fighting
  1077 | D:2      | Gained mutation: You have a pair of small antennae on your
                  | head. [demonic ancestry]
  1077 | D:2      | Reached XP level 4. HP: 36/37 MP: 7/7
  1089 | D:2      | Found Ollaops's Weapon Shop.
  1364 | D:2      | Learned a level 1 spell: Animate Skeleton
  1396 | D:2      | Became a worshipper of Kikubaaqudgha
  2085 | D:2      | Reached skill level 1 in Necromancy
  2489 | D:3      | Noticed Grinder
  2509 | D:3      | Paralysed by Grinder for 5 turns
  2515 | D:3      | Paralysed by Grinder for 2 turns
  2519 | D:3      | Paralysed by Grinder for 2 turns
  2523 | D:3      | Paralysed by Grinder for 7 turns
  2533 | D:3      | Paralysed by Grinder for 7 turns
  2539 | D:3      | Slain by Grinder

Illustrated notes

Levels and vault maps discovered:
D:1:      heliophobic_arrival_battle_scene, layout_basic, serial_rivers,
          chequers_serial_rivers_small_3, chequers_serial_rivers_micro_c,
          chequers_serial_rivers_room_a, chequers_serial_rivers_room_b,
          chequers_serial_rivers_micro_a
D:2:      layout_loops_ring, lemuel_doored_altar, old_standard_altar,
          serial_shops, shop_fountains
D:3:      layout_basic, uniq_grinder

Skill      XL: |  1  2  3  4 |
---------------+-------------+-----
Spellcasting   | 2 |  2.9
Fighting       | 4 |  4.4
Necromancy     | 1 |  1.1
Throwing       | |  1.7
Dodging        | |  1.0
Stealth        | |  1.0
Hexes          | |  2.0

Action                   |  1- 3 |  4- 6 || total
-------------------------+-------+-------++-------
Melee: Short sword       |    87 |    85 ||   172
       Dagger            |     6 |       ||     6
  Use: Potion            |       |     1 ||     1
 Stab: Sleeping          |     2 |     2 ||     4
       Distracted        |     1 |       ||     1
Armor: Robe              |     8 |       ||     8
       Leather armour    |    31 |    29 ||    60
       Skin              |       |    10 ||    10
Dodge: Dodged            |    56 |    42 ||    98

Table legend: (Time is in decaauts)
 A = Elapsed time spent in this place.
 B = Non-inter-level travel time spent in this place.
 C = Inter-level travel time spent in this place.
 D = Time resting spent in this place.
 E = Time spent auto-exploring this place.
 F = Levels seen in this place.
 G = Mean time per level.
                   A        B        C        D        E       F      G
               +--------+--------+--------+--------+--------+-----+--------+
         Total |   2563 |   2461 |    102 |      0 |   1976 |   3 |  854.3 |
       Dungeon |   2563 |   2461 |    102 |      0 |   1976 |   3 |  854.3 |
               +--------+--------+--------+--------+--------+-----+--------+

Top non-repeatable levels by time:
     D:2: 1296 daAuts
     D:1: 667 daAuts
     D:3: 599 daAuts
